 Dungeon Crawl Stone Soup version 0.31.0-1-g2c135a008e (webtiles) character file.

Game seed: 2125498279806853116

32 qw the Shooter (level 3, -2/29 HPs)
             Began as a Djinni Hunter on Jan 24, 2024.
             Slain by a goblin
             ... wielding a +0 club
             ... led by Robin
              (3 damage)
             ... on level 2 of the Dungeon.
             The game lasted 00:00:02 (625 turns).

qw the Shooter (Djinni Hunter)                       Turns: 625, Time: 00:00:03

Health: -2/29      AC:  3    Str: 10    XL:     3   Next: 45%
Gold:   1329       EV: 12    Int: 10    God:
                   SH:  0    Dex: 18

rFire   + + .        a - +0 shortbow
rCold   x . .        (shield currently unavailable)
rNeg    . . .        c - +0 leather armour
rPois   inf          (no helmet)
rElec   .            (no cloak)
rCorr   .            (no gloves)
SInv    .            (boots unavailable)
Will    .....        (no amulet)
Stlth   ++           (no ring)
HPRegen 0.24/turn    (no ring)
MPRegen 0.00/turn

%: infuse magic (-3 HP)
@: flying
A: sickness immunity, fire resistance 2, cold vulnerability 1, float, innate
caster, HP casting, extra vitality 1
a: no special abilities


You were on level 2 of the Dungeon.
You visited 1 branch of the dungeon, and saw 2 of its levels.

You collected 1329 gold pieces.


Innate Abilities, Weirdness & Mutations

You are immune to sickness and miasma.
You are immune to poison.
Your flesh is very heat resistant. (rF++)
You are vulnerable to cold. (rC-)
You float through the air rather than walking.
You learn spells naturally, not from books.
Your magical power is your life essence.
You have superior vitality. (+4 MHP)


   Skills:
 + Level 2.4 Fighting
 - Level 4.0 Ranged Weapons
 - Level 2.1 Dodging
 - Level 0.7 Stealth


You knew the following spells:

 Your Spells              Type           Power      Damage    Failure   Level
a - Apportation           Tloc           0%         N/A       45%         1
Your spell library was empty.

Inventory:

Hand Weapons
 a - a +0 shortbow (weapon)
Armour
 c - a +0 leather armour (worn)
Potions
 f - a potion of curing
 g - a potion of berserk rage {unknown}
 h - a potion of magic {unknown}

Dungeon Overview and Level Annotations

Branches:
Dungeon (2/15)

Altars:

Annotations:
D:2 Robin


Message History

The goblin barely misses you. The goblin closely misses you.
Robin roars a battlecry!
The goblins go into a battle-frenzy!
You hear a shout! x2
615 ||| RETREEEEATING.
The goblin attacks as it pursues you! The goblin closely misses you.
The goblin shoots a sling bullet.
The sling bullet hits you. The goblin closely misses you.
There is an open door here.
616 ||| RETREEEEATING.
You shoot an arrow. The arrow closely misses the goblin.
The goblin barely misses you.
You shoot an arrow. The arrow hits the goblin.
You kill the goblin!
The goblin shoots a sling bullet.
The sling bullet hits you. The goblin hits you with a +0 club.
You shoot an arrow. The arrow hits the goblin.
The goblin is heavily wounded.
The goblin hits you with a +0 dagger. The goblin hits you with a +0 club.
You shoot an arrow. The arrow hits the goblin!
You kill the goblin!
The goblin closely misses you.
You shoot an arrow. The arrow hits the goblin!
You kill the goblin!
You hear a shout!
Robin roars a battlecry!
You hear a shout! x2
You shoot an arrow. The arrow barely misses Robin.
You shoot an arrow. The arrow hits Robin.
Robin is lightly wounded.
Robin zaps a wand.
You resist with some effort.
You shoot an arrow. The arrow completely misses Robin.
The goblin no longer looks unusually strong.
Robin throws the goblin at you! The goblin barely misses you.
Robin hits you with a +0 short sword.
A goblin comes into view. It is wielding a +0 club.
You shoot an arrow. The arrow hits Robin.
Robin is heavily wounded.
Robin throws the goblin at you! The goblin hits you with a +0 club.
You die...

#.# #..#.#..# #.#
#.......# ##'##
#......## ##...##
####.### ### ##.....##
#.# ..# ##.......##
##.##
..####%........####...##
.....'.......g.g)g.....#
...###........%#@##...##
..## ##.......##g###..#
..# ##...g.###.# #..#
### ##..g## #.# #..#
....... #.# #>.#
#.###g##. #.# #..# # #.#
#.. ...# #. ### g.


You could see Robin and 3 goblins.

Vanquished Creatures
  2 dart slugs
  5 ball pythons
  2 endoplasms (D:1)
  A giant cockroach (D:1)
  4 goblins
  3 hobgoblins
  A kobold (D:1)
  2 quokkas (D:1)
  2 bats (D:1)
  A frilled lizard (D:1)
  3 rats
26 creatures vanquished.

Notes
Turn   | Place    | Note
-------+----------+-------------------------------------------
     0 | D:1      | qw the Djinni Hunter began the quest for the Orb.
     0 | D:1      | Reached XP level 1. HP: 18/18 MP: 0/0
     0 | D:1      | 0 ||| qw: Version: 0.3-a-136-gdd3b4e8
     0 | D:1      | 0 ||| qw: Game counter: 1198
     0 | D:1      | 0 ||| qw: Melee chars always use a shield: true
     0 | D:1      | 0 ||| qw: God list: Okawaru
     0 | D:1      | 0 ||| qw: Allow faded altars: false
     0 | D:1      | 0 ||| qw: Do Orc after clearing Dungeon:15 true
     0 | D:1      | 0 ||| qw: Do second Lair branch before Depths: true
     0 | D:1      | 0 ||| qw: Lair rune preference: random
     0 | D:1      | 0 ||| qw: Goals: Normal
     0 | D:1      | 0 ||| PLANNING D:1-11
   110 | D:1      | Reached XP level 2. HP: 23/23 MP: 0/0
   392 | D:1      | Reached skill level 4 in Ranged Weapons
   392 | D:1      | Reached XP level 3. HP: 28/28 MP: 0/0
   392 | D:1      | Learned a level 1 spell: Apportation
   486 | D:1      | 486 ||| READING scroll labelled JUSIUBBAOSCH.
   487 | D:1      | 487 ||| READING scroll labelled VAAZXOEKLA.
   487 | D:1      | Identified a scroll of acquirement
   487 | D:1      | 487 ||| ACQUIRING 1275 gold pieces
   487 | D:1      | Acquired 1275 gold pieces
   489 | D:1      | 489 ||| READING scroll labelled JUES WOZYQUTUE.
   489 | D:1      | 489 ||| IDENTIFYING sedimented golden potion
   490 | D:1      | 490 ||| DROPPING scroll of butterflies.
   607 | D:2      | Noticed Robin
   610 | D:2      | 610 ||| RETREEEEATING.
   613 | D:2      | 613 ||| RETREEEEATING.
   615 | D:2      | 615 ||| RETREEEEATING.
   616 | D:2      | 616 ||| RETREEEEATING.
   618 | D:2      | HP: 7/28 [goblin/sling bullet[Robin] (4)]
   619 | D:2      | HP: 3/29 [goblin/+0 dagger[Robin] (1)]
   619 | D:2      | HP: 1/29 [goblin/+0 club[Robin] (2)]
   624 | D:2      | HP: 1/29 [Robin/+0 short sword (2)]
   625 | D:2      | Slain by a goblin

Levels and vault maps discovered:
D:1:      lightli_arrival_windingriver, layout_basic
D:2:      layout_loops_corners, minivault_24, uniq_crazy_yiuf_cottage,
          uniq_robin

Skill      XL: |  1  2 |
---------------+-------+-----
Ranged Weapons | 4 |  4.0
Fighting       | |  2.4
Dodging        | |  2.1
Stealth        | |  0.7

Action                     || total
---------------------------++-------
   Fire: Shortbow          ||    69
    Use: Scroll            ||     3
 Armour: Leather armour    ||    22
  Dodge: Dodged            ||    13

Table legend:
 A = Non-vault XP
 B = Vault XP
 C = Vault XP percentage of total XP
 D = Non-vault monster count
 E = Vault monster count
 F = Vault count percentage of total count
                 A         B        C        D         E       F
            +---------+---------+-------+---------+---------+-------
      Total |      38 |       9 |  19.1 |      21 |       5 |  19.2
            +---------+---------+-------+---------+---------+-------
        D:1 |      32 |       0 |   0.0 |      18 |       0 |   0.0
        D:2 |       6 |       9 |  60.0 |       3 |       5 |  62.5
            +---------+---------+-------+---------+---------+-------
